 Dungeon Crawl Stone Soup version 0.29-a0-821-g66395355a5 (webtiles) character file.

Game seed: 739323621061283493

80 blackman the Chopper (level 4, -2/35 HPs)
             Began as a Human Chaos Knight on July 7, 2022.
             Was a Plaything of Xom.
             Killed from afar by an orc wizard (4 damage)
             ... with a magic dart
             ... on level 3 of the Dungeon.
             The game lasted 00:05:31 (1233 turns).

blackman the Chopper (Human Chaos Knight)           Turns: 1233, Time: 00:05:32

Health: -2/35      AC: 15    Str: 14 (15) XL:     4   Next: 65%
Magic:  4/4        EV:  6    Int: 10 (12) God:    Xom [.*....]
Gold:   77         SH:  0    Dex: 10 (12) Spells: 3/3 levels left

rFire   + . .      SeeInvis .   e - +3 broad axe (holy)
rCold   + . .      Faith    .   (no shield)
rNeg    . . .      Spirit   .   h - +0 chain mail
rPois   +          Reflect  .   d - +2 helmet
rElec   +          Harm     .   (no cloak)
rCorr   +          Rampage  .   (no gloves)
Will    .....                   (no boots)
Stlth   ..........              (no amulet)
HPRegen 0.11/turn               i - +4 ring of protection
MPRegen 0.09/turn               (no ring)

@: confused, resistant
A: no striking features
a: Renounce Religion


You were on level 3 of the Dungeon.
You worshipped Xom.
You were a plaything of Xom.
You visited 1 branch of the dungeon, and saw 3 of its levels.

You collected 77 gold pieces.

Inventory:

Hand Weapons
 a - a +0 hand axe of chaos
 e - a +3 broad axe of holy wrath (weapon)
Armour
 b - a +2 leather armour
 d - a +2 helmet (worn)
 h - a +0 chain mail (worn)
Jewellery
 i - a +4 ring of protection (left hand)
Scrolls
 k - a scroll of enchant weapon
Potions
 j - 2 potions of degeneration
Miscellaneous
 c - a piece from Xom's chessboard (10/15) (quivered)


   Skills:
 - Level 3.0 Fighting
 + Level 5.1 Axes
 - Level 2.0 Armour
 - Level 1.0 Dodging


You had 3 spell levels left.
You didn't know any spells.
Your spell library was empty.

Dungeon Overview and Level Annotations

Branches:
Dungeon (3/15)

Altars:


Message History

Your piece from Xom's chessboard (10/15) has regained one charge.
Your Axes skill increases to level 5!
Something hits you but does no damage.
Things that are here:
a +0 flail; a +0 scale mail; an orc corpse You miss something.
Something completely misses you.
You barely miss something. Something hits you but does no damage.
You hear some strange, mumbled words.
A puff of flame appears from out of thin air!
The puff of flame hits you. You resist.
* * * LOW HITPOINT WARNING * * *
You miss something. The bat hits you but does no damage.
You hear some strange, mumbled words.
Something tries to affect you, but you resist.
You miss something. The bat barely misses you.
Something hits you but does no damage.
You closely miss something.
An orc wizard appears from thin air!
Reactivating autopickup.
The bat hits you but does no damage.
The orc wizard hits you but does no damage.
The orc wizard gestures wildly while chanting.
The orc wizard flickers and vanishes!
Deactivating autopickup; reactivate with Ctrl-A.
You closely miss something. You hit the bat.
You kill the bat!
Something hits you but does no damage.
You barely miss something. Something hits you but does no damage.
You closely miss something.
Something hits you but does no damage. x2
You miss something.
You hear some strange, mumbled words.
You are confused.
You completely miss something.
You hear some strange, mumbled words.
You are more confused.
You miss something. Something hits you.
* * * LOW HITPOINT WARNING * * *
You hear some strange, mumbled words.
A magic dart appears from out of thin air!
The magic dart hits you.
You die...

.##.#. ...#. ....# ...#
#..#.# ## #).#.#.#...
#†{#.#.#.# #@)#.#...
######.)#.#.#
.........#...# #
#######....#.####.#.####
##...#.#.......oo.
#.#.....##.#.####
#.#.#...# #...#...#
######...#


There were no monsters in sight!

Vanquished Creatures
  An orc priest (D:3)
  2 worms
  A dart slug (D:2)
  2 orcs (D:3)
  5 endoplasms
  4 giant cockroaches
  A goblin (D:3)
  4 hobgoblins
  3 quokkas
  7 ball pythons
  5 bats
  A kobold (D:1)
  3 rats
39 creatures vanquished.

Notes
Turn   | Place    | Note
-------+----------+-------------------------------------------
     0 | D:1      | blackman the Human Chaos Knight began the quest for the
                  | Orb.
     0 | D:1      | Reached XP level 1. HP: 18/18 MP: 1/1
   130 | D:1      | Reached XP level 2. HP: 24/24 MP: 2/2
   308 | D:1      | XOM: silly message
   566 | D:1      | Reached skill level 4 in Axes
   566 | D:1      | Reached XP level 3. HP: 29/29 MP: 3/3
   605 | D:1      | XOM: summons 2 hostile demons
   817 | D:2      | Found a faded altar of an unknown god.
   820 | D:2      | You fall into a shaft and drop 1 floor!
   859 | D:3      | XOM: 3-stop teleportation journey
  1200 | D:3      | Identified a scroll of acquirement
  1200 | D:3      | Acquired a +3 broad axe of holy wrath
  1204 | D:3      | Reached XP level 4. HP: 21/35 MP: 4/4
  1222 | D:3      | Reached skill level 5 in Axes
  1233 | D:3      | Killed from afar by an orc wizard

Illustrated notes

Levels and vault maps discovered:
D:1:      elethiomel_arrival_infinity_welcomes_careful_drivers, layout_basic,
          serial_corexii_hall, chequers_hall_statues_y,
          chequers_hall_statues_wall_a, corexii_hall_statues_i,
          corexii_hall_statues_deadend, grunt_decor_clamped
D:2:      layout_loops_ring, ebering_ecumenical_altar_abandoned, basic_altar
D:3:      layout_basic, grunt_ministairs_6, grunt_decor_fettered, st_stairs_9

Skill      XL: |  1  2  3  4 |
---------------+-------------+-----
Axes           | 4 5 |  5.1
Fighting       | |  3.0
Armour         | |  2.0
Dodging        | |  1.0

Action                   |  1- 3 |  4- 6 || total
-------------------------+-------+-------++-------
Melee: Hand axe          |    99 |       ||    99
       Broad axe         |     1 |    20 ||    21
Evoke: Piece from Xom's  |     8 |       ||     8
  Use: Potion            |     2 |     4 ||     6
       Scroll            |     4 |       ||     4
Armor: Leather armour    |    27 |       ||    27
       Chain mail        |    40 |    48 ||    88
Dodge: Dodged            |    68 |     7 ||    75

Table legend: (Time is in decaauts)
 A = Elapsed time spent in this place.
 B = Non-inter-level travel time spent in this place.
 C = Inter-level travel time spent in this place.
 D = Time resting spent in this place.
 E = Time spent auto-exploring this place.
 F = Levels seen in this place.
 G = Mean time per level.
                   A        B        C        D        E       F      G
               +--------+--------+--------+--------+--------+-----+--------+
         Total |   1248 |   1188 |     60 |      0 |    840 |   3 |  416.0 |
       Dungeon |   1248 |   1188 |     60 |      0 |    840 |   3 |  416.0 |
               +--------+--------+--------+--------+--------+-----+--------+

Top non-repeatable levels by time:
     D:1: 661 daAuts
     D:3: 347 daAuts
     D:2: 240 daAuts
